 Dungeon Crawl Stone Soup version 0.26-a0-996-g6b303dbc09 (webtiles) character file.

Game seed: 1104771200594761992

3 Floopie the Sneak (level 1, -1/20 HPs)
             Began as a Deep Dwarf Delver on Dec 6, 2020.
             Slain by a centaur (8 damage)
             ... on level 6 of the Dungeon.
             The game lasted 00:05:36 (123 turns).

Floopie the Sneak (Deep Dwarf Delver)                Turns: 123, Time: 00:05:36

Health: -1/20      AC:  3    Str: 15    XL:     1   Next: 41%
Magic:  1/1        EV: 12    Int: 16    God:
Gold:   13         SH:  0    Dex: 14    Spells: 0/0 levels left

rFire    . . .     SeeInvis .   a - +0 hand axe
rCold    . . .     Faith    .   (no shield)
rNeg     . . .     Spirit   .   b - +0 leather armour
rPois    .         Reflect  .   (no helmet)
rElec    .         Harm     .   (no cloak)
rCorr    .         Rampage  .   (no gloves)
MR       .....                  (no boots)
Stlth    +++.......             (no amulet)
HPRegen  0.00/turn              O - +6 ring of intelligence
MPRegen  0.07/turn              (no ring)

@: non-regenerating, hasted (expiring), very quick
A: damage resistance, heal wounds, sense surroundings 1, no regeneration
a: Heal Wounds


You were on level 6 of the Dungeon.
You visited 1 branch of the dungeon, and saw 2 of its levels.

You collected 13 gold pieces.

Inventory:

Hand Weapons
 a - a +0 hand axe (weapon)
Armour
 b - a +0 leather armour (worn)
Jewellery
 O - a +6 ring of intelligence (left hand)
Wands
 D - a wand of digging (3)
Scrolls
 c - a scroll of fog
 e - a scroll of fear
 P - a scroll of remove curse {unknown}


   Skills:
 - Level 2.6 Fighting
 + Level 2.5 Axes
 - Level 2.1 Dodging
 - Level 6.0 Stealth


You couldn't memorise any spells.
You didn't know any spells.
Your spell library was empty.

Dungeon Overview and Level Annotations

Branches:
Dungeon (6/15)             Temple (0/1) D:6

Altars:


Innate Abilities, Weirdness & Mutations

You are resistant to damage.
You can heal yourself by infusing magical energy.
You passively map a small area around you.
You do not regenerate.


Message History

A centaur comes into view.
Found 17 gold pieces.
Press: ? - help, v - describe, . - travel, g - get item Item here: 15 gold pieces.
The floor.
Your extra speed is starting to run out.
The helpless centaur fails to defend itself.
You hit the centaur.
The centaur is moderately wounded.
The centaur hits you!
You hit the centaur.
The centaur is heavily wounded.
The centaur hits you.
You hit the centaur.
The centaur is severely wounded.
The centaur hits you.
You hit the centaur.
The centaur is almost dead.
The centaur hits you!
You die...

,*****,#.##.###....#,,,,*******
,,,,,,,#..#.<......#,,,,,,,,,,*
*,######..#.##.....#,,,,,,,,,,*
,,..........#*.....#,,,,,,,,,,*
***#.###....##.....#**,,,,,,,,*
,,,#.# #...........# *,,,,,,,,*
**,#.###....##.#...# *,,,,,,,,*
##.#.............c.# *,,,,,,,,*
...#........##.#@#** **********
.###....##...#,#.#
........##.#.###.#
........##......$#
........####..##.##****
.....................,*
.......######..#.....,*
.......# ##.#......# .......#
*.#......#


You could see a centaur.

Vanquished Creatures
  An adder skeleton (D:6)
1 creature vanquished.

Notes
Turn   | Place    | Note
-------+----------+-------------------------------------------
     0 | D:5      | Floopie the Deep Dwarf Delver began the quest for the Orb.
     0 | D:5      | Reached XP level 1. HP: 20/20 MP: 1/1
    65 | D:6      | Noticed a bullfrog
   116 | D:6      | Noticed a centaur
   123 | D:6      | Slain by a centaur

Illustrated notes

Levels and vault maps discovered:
D:5:      layout_basic, gup_sewer_entry_spiral, kennysheep_generic_room_10
D:6:      layout_basic, grunt_temple_overflow_open,
          minmay_temple_entry_offerings,
          nicolae_gozag_cash_rules_everything_around_me

Action                   || total
-------------------------++-------
Melee: Hand axe          ||    10
  Use: Scroll            ||     2
       Potion            ||     1
 Stab: Sleeping          ||     1
Armor: Leather armour    ||     1
Dodge: Dodged            ||     2

Table legend: (Time is in decaauts)
 A = Elapsed time spent in this place.
 B = Non-inter-level travel time spent in this place.
 C = Inter-level travel time spent in this place.
 D = Time resting spent in this place.
 E = Time spent auto-exploring this place.
 F = Levels seen in this place.
 G = Mean time per level.
                   A        B        C        D        E       F      G
               +--------+--------+--------+--------+--------+-----+--------+
         Total |    105 |    105 |      0 |      0 |      0 |   2 |   52.5 |
       Dungeon |    105 |    105 |      0 |      0 |      0 |   2 |   52.5 |
               +--------+--------+--------+--------+--------+-----+--------+

Top non-repeatable levels by time:
     D:6: 91 daAuts
     D:5: 14 daAuts
